 Dungeon Crawl Stone Soup version 0.29.1-15-g9cfb28693d (webtiles) character file.

Game seed: 5480656192946232031

718 raph the Stinger (level 7, 0/48 HPs)
             Began as a Merfolk Venom Mage on Apr 19, 2023.
             Was a Follower of Nemelex Xobeh.
             Slain by a white imp (4 damage)
             ... on level 7 of the Dungeon.
             The game lasted 00:12:35 (8714 turns).

raph the Stinger (Merfolk Venom Mage)               Turns: 8714, Time: 00:12:36

Health: 0/48       AC:  5    Str:  9    XL:     7   Next: 70%
Magic:  6/13       EV: 13    Int: 16    God:    Nemelex Xobeh [*.....]
Gold:   185        SH:  0    Dex: 14    Spells: 3/14 levels left

rFire   . . .      SeeInvis .   x - +0 halberd (vorpal)
rCold   . . .      Faith    .   (shield currently unavailable)
rNeg    . . .      Spirit   .   r - +2 robe {Archmagi}
rPois   .          Reflect  .   (no helmet)
rElec   .          Harm     .   g - +0 cloak
rCorr   .          Rampage  .   (no gloves)
Will    .....      Archmagi +   (no boots)
Stlth   ++........              (no amulet)
HPRegen 0.16/turn               (no ring)
MPRegen 0.13/turn               (no ring)

@: studying Unarmed Combat
A: (nimble swimmer 2), mertail
a: Renounce Religion, Draw Escape, Draw Destruction, Draw Summoning


You were on level 7 of the Dungeon.
You worshipped Nemelex Xobeh.
Nemelex Xobeh was aware of your devotion.
You visited 2 branches of the dungeon, and saw 8 of its levels.

You collected 281 gold pieces.
You spent 96 gold pieces at shops.

Inventory:

Hand Weapons
 d - a +0 spear
 n - a +0 trident
 x - a +0 vorpal halberd (weapon)
 z - a +1 halberd of pain
Missiles
 k - a throwing net
Armour
 a - a +0 robe
 g - a +0 cloak (worn)
 r - a +2 robe of the Archmagi (worn)
Jewellery
 e - a ring of flight
Wands
 m - a wand of charming (10)
 u - a wand of polymorph (5)
 y - a wand of light (5)
Scrolls
 c - 2 scrolls of teleportation
 p - a scroll of amnesia
 q - a scroll of blinking
Potions
 b - 2 potions of magic
 f - 3 potions of curing
 h - 5 potions of heal wounds
 i - a potion of mutation
 j - a potion of resistance {unknown}
 l - 2 potions of invisibility
 o - a potion of flight {unknown}
 s - a potion of brilliance {unknown}
 t - a potion of cancellation {unknown}
 v - a potion of haste {unknown}
 w - 2 potions of berserk rage {unknown}


   Skills:
 + Level 1.0 Fighting
 + Level 3.2 Dodging
 - Level 2.1 Stealth
 + Level 4.2 Spellcasting
 + Level 2.2 Conjurations
 - Level 1.3 Transmutations
 + Level 7.3 Poison Magic
 + Level 1.0 Evocations


You had 3 spell levels left.
You knew the following spells:

 Your Spells              Type           Power      Damage    Failure   Level
a - Sting                 Tmut/Pois      100%       1d8       2%          1
b - Poisonous Vapours     Pois/Air       44%        N/A       5%          2
c - Mephitic Cloud        Conj/Pois/Air  20%        N/A       14%         3
d - Olgreb's Toxic Radia  Pois           40%        N/A       8%          4
e - Magic Dart            Conj           60%        1d6       7%          1

Your spell library contained the following spells:

 Spells                   Type           Power      Damage    Failure   Level
 Apportation              Tloc           10%        N/A       17%         1
 Freeze                   Ice            20%        1d4       17%         1
 Necrotise                Necr           20%        1d5       17%         1
 Summon Small Mammal      Summ           20%        N/A       17%         1
 Call Imp                 Summ           5%         N/A       26%         2
 Call Canine Familiar     Summ           5%         N/A       45%         3
 Frozen Ramparts          Ice            10%        1d2       45%         3
 Summon Guardian Golem    Hex/Summ       5%         N/A       45%         3
 Hailstorm                Conj/Ice       10%        3d5       71%         4


Dungeon Overview and Level Annotations

Branches:
Dungeon (7/15)             Temple (1/1) D:4

Altars:
Cheibriados
Dithmenos
Elyvilon
Hepliaklqana
Kikubaaqudgha
Makhleb
Nemelex Xobeh
Okawaru
Qazlal
Sif Muna
Trog
Uskayaw
Vehumet
Wu Jian
Yredelemnul
Zin
The Shining One

Shops:
D:5 (


Innate Abilities, Weirdness & Mutations

((You are very nimble when in or above water. (Stealth+, EV+, Speed+++)))
Your lower body shifts to a powerful aquatic tail in water.


Message History

The puff of frost hits you! The white imp barely misses you.
You barely miss the white imp.
The white imp is lightly wounded.
The white imp hits you. The white imp freezes you.
You barely miss the white imp.
The white imp is lightly wounded.
The white imp hits you but does no damage.
The white imp gestures at you. The puff of frost hits you.
* * * LOW HITPOINT WARNING * * *
The white imp attacks as you move away!
The white imp hits you but does no damage.
The white imp attacks as you move away!
The white imp hits you but does no damage.
The white imp gestures at you. The puff of frost hits you!
* * * LOW HITPOINT WARNING * * *
There is a stone staircase leading down here.
The white imp hits you but does no damage.
You climb downwards.
There is a stone staircase leading up here.
You draw a card...
You have drawn Wild Magic.
The white imp is briefly tinged with black.
The white imp completely resists.
You feel a surge of magic. The white imp barely misses you.
You draw a card...
You have drawn Wild Magic.
The white imp twitches.
The white imp seems to slow down.
You feel a surge of magic.
You feel your power returning.
You draw a card...
You have drawn Pain.
Press: ? - help, Shift-Dir - straight line, f - white imp
Aim: a white imp (lightly wounded, slow)
The white imp is unaffected.
The white imp misses you.
You barely miss the white imp.
The white imp is lightly wounded.
The white imp hits you.
* * * LOW HITPOINT WARNING * * *
The white imp freezes you.
You die...
Your body disappears without a glow.

###########
#..........
#..........
#..@.......
#...5......
#..........
#..........
###########


You could see a white imp (slow).

Vanquished Creatures
  A black bear (D:5)
  An ogre (D:5)
  A bullfrog (D:5)
  A necrophage (D:6)
  Crazy Yiuf (D:4)
  3 orc priests
  Jessica (D:2)
  Terence (D:3)
  2 orc wizards (D:6)
  2 adders (D:4)
  4 gnolls
  A white imp (D:5)
  3 ufetubi
  2 worms
  3 dart slugs
  17 orcs
  9 ball pythons
  7 endoplasms
  7 giant cockroaches
  6 goblins
  9 hobgoblins
  3 jackals (D:2)
  3 quokkas
  3 bats
  5 frilled lizards
  8 rats
104 creatures vanquished.

Notes
Turn   | Place    | Note
-------+----------+-------------------------------------------
     0 | D:1      | raph the Merfolk Venom Mage began the quest for the Orb.
     0 | D:1      | Reached XP level 1. HP: 13/13 MP: 3/3
    28 | D:1      | Reached skill level 4 in Poison Magic
    28 | D:1      | Reached XP level 2. HP: 8/19 MP: 0/5
   614 | D:1      | Learned a level 2 spell: Poisonous Vapours
   677 | D:1      | Reached XP level 3. HP: 24/24 MP: 0/6
   755 | D:1      | Learned a level 3 spell: Mephitic Cloud
   842 | D:1      | Found a faded altar of an unknown god.
   955 | D:1      | You fall into a shaft and drop 1 floor!
  1054 | D:2      | Noticed Jessica
  1060 | D:2      | Killed Jessica
  1061 | D:2      | Reached skill level 5 in Poison Magic
  1070 | D:2      | Reached XP level 4. HP: 26/30 MP: 0/7
  1976 | D:2      | Noticed a necrophage
  3131 | D:3      | Noticed Terence
  3153 | D:3      | Killed Terence
  3154 | D:3      | Reached XP level 5. HP: 35/35 MP: 2/8
  3324 | D:3      | Found a stormy altar of Qazlal.
  3530 | D:3      | Found a shadowy altar of Dithmenos.
  4598 | D:4      | Reached skill level 6 in Poison Magic
  4830 | D:4      | Found a runed translucent door.
  4831 | D:4      | Noticed Crazy Yiuf
  4846 | D:4      | Killed Crazy Yiuf
  5042 | D:4      | Found a staircase to the Ecumenical Temple.
  5055 | Temple   | Entered the Ecumenical Temple
  5191 | Temple   | Learned a level 4 spell: Olgreb's Toxic Radiance
  5294 | Temple   | Became a worshipper of Nemelex Xobeh the Trickster
  5651 | D:4      | Reached XP level 6. HP: 34/41 MP: 6/10
  6393 | D:5      | Entered Level 5 of the Dungeon
  6641 | D:5      | Noticed a black bear
  6998 | D:5      | Killed a black bear
  6999 | D:5      | Reached skill level 1 in Conjurations
  7448 | D:5      | Reached skill level 7 in Poison Magic
  7448 | D:5      | Reached XP level 7. HP: 34/46 MP: 4/12
  7525 | D:5      | Learned a level 1 spell: Magic Dart
  7589 | D:5      | Reached * piety under Nemelex Xobeh
  7771 | D:5      | Received a gift from Nemelex Xobeh
  7878 | D:5      | Found Qeffod's Weapon Emporium.
  7881 | D:5      | Bought a +0 vorpal halberd for 96 gold pieces
  7902 | D:5      | Found an ornate altar of the Wu Jian Council.
  8131 | D:6      | Found a hazy altar of Hepliaklqana.
  8136 | D:6      | Found a burning altar of Makhleb.
  8151 | D:6      | Found a basalt altar of Yredelemnul.
  8346 | D:6      | Found a shimmering blue altar of Sif Muna.
  8384 | D:6      | Reached skill level 1 in Fighting
  8384 | D:6      | Reached skill level 1 in Evocations
  8458 | D:6      | Noticed a steam dragon
  8714 | D:7      | Slain by a white imp

Illustrated notes

Levels and vault maps discovered:
D:1:      lightli_arrival_noodles, layout_rooms,
          chequers_ecumenical_altar_island, minmay_misc_feat_rows
D:2:      layout_basic, chequers_serial_rivers_small_3, kennysheep_jessica_study
D:3:      layout_loops_ring, mainiacjoe_overflow_paths,
          mainiacjoe_overflow_alcove_4, uniq_terence
D:4:      layout_loops_corners, minmay_temple_entry_arrows,
          uniq_crazy_yiuf_cottage
D:5:      layout_gridville, nzn_wu_jian_council_hall, serial_shops,
          nicolae_shop_behind_doors
D:6:      nicolae_cairo_tiling_large, layout_rooms,
          grunt_temple_overflow_cloverleaf
D:7:      layout_basic, grunt_ministairs_6, nicolae_shop_i_like_big_books
Temple:   chequers_temple_sunken

Skill      XL: |  1  2  3  4  5  6  7 |
---------------+----------------------+-----
Poison Magic   | 4 5 6 7 |  7.3
Spellcasting   | 3 4 |  4.2
Conjurations   | 1 2 |  2.2
Dodging        | 3 |  3.2
Fighting       | 1 |  1.0
Evocations     | 1 |  1.0
Stealth        | |  2.1
Transmutations | |  1.3

Action                   |  1- 3 |  4- 6 |  7- 9 || total
-------------------------+-------+-------+-------++-------
Melee: Spear             |    26 |    24 |       ||    50
       Trident           |       |    51 |     2 ||    53
       Punch             |       |     1 |       ||     1
       Halberd           |       |       |    20 ||    20
 Cast: Sting             |    29 |    73 |     2 ||   104
       Poisonous Vapours |     6 |    46 |       ||    52
       Olgreb's Toxic Ra |       |     9 |     7 ||    16
       Mephitic Cloud    |       |     4 |     2 ||     6
Invok: Draw Destruction  |       |       |     3 ||     3
  Use: Scroll            |       |    11 |     1 ||    12
       Potion            |       |     1 |       ||     1
 Stab: Sleeping          |       |     2 |       ||     2
       Confused          |       |     1 |       ||     1
Armor: Robe              |     5 |    18 |    12 ||    35
Dodge: Dodged            |    33 |    56 |    20 ||   109
